 Dungeon Crawl Stone Soup version 0.21.0 (webtiles) character file.

195639 Firecrotchwizard the Fencer (level 17, -12/164 HPs)
             Began as a Deep Dwarf Fighter on Jan 6, 2018.
             Was the Champion of Makhleb.
             Mangled by an Ice Fiend (49 damage)
             ... in an ice cave on Jan 7, 2018.
             The game lasted 01:42:49 (29774 turns).

Firecrotchwizard the Fencer (Deep Dwarf Fighter)   Turns: 29774, Time: 01:42:50

Health: -12/164    AC: 31    Str: 21    XL:     17   Next: 71%
Magic:  19/19      EV: 12    Int: 12    God:    Makhleb [******]
Gold:   2764       SH:  0    Dex: 15    Spells: 15/16 levels left

rFire    . . .     SeeInvis .   b - +7 double sword (flame)
rCold    . . .     Gourm    .   c - +0 shield
rNeg     + . .     Faith    .   Y - +3 plate armour
rPois    +         Spirit   .   w - +2 helmet
rElec    .         Reflect  +   A - scarf {cloud immunity}
rCorr    .         Harm     .   Z - +2 pair of gloves
MR       ++...                  B - +2 pair of boots
Stlth    ..........             G - +5 amulet of reflection
HPRegen  0.00/turn              t - +5 ring of evasion
MPRegen  0.16/turn              p - ring "Peom" {+Fly rPois Slay+2}

@: confused, non-regenerating, hasted, studying Crossbows, very quick
A: damage resistance, heal wounds, negative energy resistance 1, sense
surroundings 2, no regeneration
}: 1/15 runes: decaying
a: Heal Wounds, Minor Destruction, Lesser Servant of Makhleb, Major Destruction,
Greater Servant of Makhleb, Renounce Religion, Evoke Flight


You were in an ice cave.
You worshipped Makhleb.
Makhleb was exalted by your worship.
You were hungry.

You visited 6 branches of the dungeon, and saw 32 of its levels.
You also visited: Bailey and Ice Cave.

You collected 2988 gold pieces.
You spent 224 gold pieces at shops.

Inventory:

Hand Weapons
 b - a +7 double sword of flaming (weapon)
   (You acquired it on level 7 of the Dungeon)
Missiles
 k - 2 throwing nets {=f, !d}
 W - 7 curare-tipped needles
Armour
 c - a +0 shield (worn)
 j - a scarf of resistance
   (You found it on level 6 of the Lair of Beasts)
 w - a +2 helmet (worn)
   (You found it on level 3 of the Dungeon)
 A - a scarf of cloud immunity (worn)
   (You found it on level 8 of the Dungeon)
 B - a +2 pair of boots (worn)
   (You found it on level 3 of the Dungeon)
 P - a +1 cloak of cold resistance
   (You found it in an ice cave)
 V - a +2 cloak
   (You took it off Maurice on level 2 of the Orcish Mines)
 Y - a +3 plate armour (worn)
   (You took it off an orc warrior in a bailey)
 Z - a +2 pair of gloves (worn)
   (You found it in a bailey)
Jewellery
 p - the ring "Peom" (right hand) {+Fly rPois Slay+2}
   (You found it on level 6 of the Lair of Beasts)

   [ring of poison resistance]

   It affects your accuracy and damage with ranged weapons and melee attacks
   (+2).
   It protects you from poison.
   It lets you fly.
 t - a +5 ring of evasion (left hand)
   (You found it on level 4 of the Lair of Beasts)
 G - a +5 amulet of reflection (around neck)
   (You found it on level 10 of the Dungeon)
 M - an uncursed ring of resist corrosion
   (You found it on level 3 of the Lair of Beasts)
 R - an uncursed ring of magical power {MP+9}
   (You found it on level 1 of the Lair of Beasts)
 T - an uncursed ring of positive energy {rN+}
   (You found it on level 1 of the Lair of Beasts)
Wands
 F - a wand of digging (33)
   (You found it on level 4 of the Dungeon)
 I - a wand of acid (14)
   (You found it on level 9 of the Dungeon)
 K - a wand of scattershot (3)
   (You found it on level 4 of the Spider Nest)
 L - a wand of iceblast (19)
   (You took it off a gnoll on level 4 of the Dungeon)
 U - a wand of polymorph (42)
   (You found it on level 5 of the Lair of Beasts)
Scrolls
 g - 3 scrolls of amnesia
 h - 4 scrolls of immolation {!r}
 i - 22 scrolls of identify
 l - a scroll of summoning
 n - 12 scrolls of teleportation
 q - 15 scrolls of remove curse
 u - 8 scrolls of magic mapping {!r}
 x - a scroll of fear
 N - a scroll of blinking {!r}
 Q - 4 scrolls of fog
Potions
 d - 7 potions of might
 e - 3 potions of ambrosia
 m - 14 potions of curing
 s - 9 potions of haste
 v - 7 potions of lignification {!q}
 y - 5 potions of brilliance
 z - a potion of flight
 C - 5 potions of berserk rage {unknown}
 H - 5 potions of mutation {!q}
 J - a potion of magic
 O - 3 potions of agility
 S - a potion of resistance {unknown}
Books
 r - a manual of Crossbows {!d}
   (You found it on level 6 of the Lair of Beasts)
Miscellaneous
 a - a phantom mirror
 D - a lamp of fire
   (You found it on level 2 of the Spider Nest)
Comestibles
 f - 54 rations {@e1}


   Skills:
 + Level 13.6 Fighting
 - Level 16.1 Long Blades
 + Level 15.7 Armour
 - Level 15.0 Shields
 + Level 15.5 Invocations
 - Level 8.4 Evocations


You had 15 spell levels left.
You knew the following spells:

 Your Spells              Type           Power        Failure   Level  Hunger
B - Summon Butterflies    Summ           #.......     97%         1    ##.....


Dungeon Overview and Level Annotations

Branches:
Dungeon (15/15)            Temple (1/1) D:6            Lair (6/6) D:11
  Swamp (4/4) Lair:3       Spider (4/4) Lair:3        Slime (0/5) Lair:5
    Orc (2/2) D:10            Elf (0/3) Orc:2        Vaults (0/5) D:14
 Depths (0/5) D:15

Altars:
Ashenzari
Cheibriados
Dithmenos
Elyvilon
Fedhas
Gozag
Hepliaklqana
Kikubaaqudgha
Makhleb
Nemelex Xobeh
Okawaru
Qazlal
Ru
Sif Muna
Trog
Uskayaw
Vehumet
Wu Jian
Xom
Yredelemnul
Zin
The Shining One
Beogh
Jiyva

Shops:
D:5 (   D:12 ?   D:14 %   Orc:2 (=?

Annotations:
D:15 exclusions: fire giant and 2 more exclusions
Swamp:2 1 runed door


Innate Abilities, Weirdness & Mutations

You are resistant to damage.
You can heal yourself by infusing magical energy.
You resist negative energy. (rN+)
You passively map the area around you.
You do not regenerate.


Message History

* * * LOW HITPOINT WARNING * * *
The Ice Fiend closely misses you.
You take 29 damage, and have 39/164 hp.
You slash the ice devil! You burn the ice devil.
You block the ice devil's attack.
You slice the ice devil!! You burn the ice devil!
You kill the ice devil!
Makhleb accepts your kill.
You feel better. The Ice Fiend gestures at you. The bolt of cold hits you!
* * * LOW HITPOINT WARNING * * *
You take 12 damage, and have 27/164 hp.
Your magical essence is drained by the effort!
You feel much better. The Ice Fiend gestures at you. The bolt of cold hits you!
* * * LOW HITPOINT WARNING * * *
You take 4 damage, and have 23/164 hp.
You now have 20/20 mp.
Your magical essence is drained by the effort!
You feel much better.
The Ice Fiend claws you but does no damage.
You block the Ice Fiend's attack.
You regained 24 hp, and now have 47/164 hp.
You now have 19/19 mp.
You closely miss the Ice Fiend. You block the Ice Fiend's attack.
The Ice Fiend claws you!
* * * LOW HITPOINT WARNING * * *
The Ice Fiend freezes you!!
* * * LOW HITPOINT WARNING * * *
You take 26 damage, and have 21/164 hp.
You feel much better. You block the Ice Fiend's attack.
The Ice Fiend claws you but does no damage.
You regained 27 hp, and now have 48/164 hp.
You completely miss the Ice Fiend. You block the Ice Fiend's attack. x2
You slash the Ice Fiend! You burn the Ice Fiend.
You cut the Ice Fiend into ribbons!!! You burn the Ice Fiend!
You kill the Ice Fiend!
Makhleb accepts your kill.
An Ice Fiend comes into view.
The Ice Fiend roars!
You block the Ice Fiend's attack. The Ice Fiend claws you!
* * * LOW HITPOINT WARNING * * *
The Ice Fiend freezes you!!!
* * * LOW HITPOINT WARNING * * *
You take 45 damage, and have 3/164 hp.
MASSIVE DAMAGE!!
You feel much better.
The Ice Fiend claws you but does no damage.
You block the Ice Fiend's attack.
You regained 17 hp, and now have 20/164 hp.
You feel much better. The Ice Fiend claws you!
* * * LOW HITPOINT WARNING * * *
The Ice Fiend freezes you!!
* * * LOW HITPOINT WARNING * * *
You block the Ice Fiend's attack.
You take 10 damage, and have 10/164 hp.
You are confused.
You feel invigorated.
The Ice Fiend calls on the powers of darkness!
Your body is wracked with pain!
You regained 3 hp, and now have 13/164 hp.
You're too confused!
You feel much better.
The Ice Fiend claws you but does no damage. x2
You regained 32 hp, and now have 45/164 hp.
You're too confused!
You're too confused!
You feel yourself speed up.
The Ice Fiend calls on the powers of darkness!
Your body is wracked with pain!
* * * LOW HITPOINT WARNING * * *
You take 14 damage, and have 31/164 hp.
You slash the Ice Fiend! You burn the Ice Fiend.
The Ice Fiend calls on the powers of darkness!
Your body is wracked with pain!
* * * LOW HITPOINT WARNING * * *
You take 11 damage, and have 20/164 hp.
You slice the Ice Fiend!! You burn the Ice Fiend!
You regained 2 hp, and now have 22/164 hp.
You regained 3 hp, and now have 25/164 hp.
You regained 4 hp, and now have 29/164 hp.
You bump into the ice covered rock wall.
You regained 2 hp, and now have 31/164 hp.
Unknown command.
You regained 2 hp, and now have 33/164 hp.
The Ice Fiend claws you but does no damage. x2
You regained 2 hp, and now have 35/164 hp.
You completely miss the Ice Fiend.
You regained 2 hp, and now have 37/164 hp.
You're too confused to move!
The Ice Fiend claws you but does no damage. x2
All of the chunks of flesh in your inventory have rotted away.
You regained 2 hp, and now have 39/164 hp.
You bump into the stone wall.
You regained 4 hp, and now have 43/164 hp.
The Ice Fiend claws you!
* * * LOW HITPOINT WARNING * * *
The Ice Fiend freezes you!!!
You die...

* ### ≈ ≈ ##
*##### ## ..## ≈
≈#...##?))##...#
∩..##
#.[.........).#
....# ≈ * ,
###1### ∩...# ≈≈ *
#§§@§.### * ...##
≈≈≈ ##§§§.§§###
..## ≈
.§§§§§#.§§§§####
..## ≈
##§§§§#.§§.§#..###
...#* *
###§§#.§###§....##
...# * , ,
.§.#§.§.§......##
..## *, ,,
##§§....##.......#
.## , *
......##.......##
## ≈
......#.......##


You could see an Ice Fiend.

Vanquished Creatures
  A bone dragon (Swamp:4)
  A tentacled monstrosity (Swamp:3)
  An Ice Fiend (IceCv)
  3 thorn hunters
  2 orc warlords (Orc:2)
  A ghost moth (Spider:2)
  An emperor scorpion (Spider:4)
  A very ugly thing (Swamp:1)
  3 entropy weavers
  A spark wasp (Spider:2)
  Azrael (Orc:2)
  An ettin (Orc:1)
  10 hydras
  3 ghost crabs
  4 catoblepae
  2 two-headed ogres
  3 centaur warriors
  9 alligators
  11 death yaks
  Sonja (D:12)
  A fire crab (Lair:6)
  Nergalle (D:12)
  An unseen horror (D:14)
  3 shambling mangroves
  4 swamp dragons
  2 spectral hydras (Swamp:4)
  2 spriggan druids
  Pikel (D:4)
  2 orc knights
  A phantasmal warrior (Swamp:4)
  3 ugly things
  9 orb spiders
  2 deep elf magi (D:15)
  17 wolf spiders
  4 cyclopes
  2 orc sorcerers (Orc:2)
  An oklob plant (Lair:3)
  3 manticores
  2 moths of wrath
  An elephant (Lair:4)
  8 black mambas
  Maurice (Orc:2)
  A spiny frog (shapeshifter) (D:14)
  2 torpor snails
  6 centaur skeletons
  2 ice statues (IceCv)
  2 gargoyles
  2 kobold demonologists (Bailey)
  An efreet (D:15)
  21 spiny frogs
  13 demonic crawlers
  11 komodo dragons
  A freezing wraith (D:15)
  4 swamp worm zombies (Swamp:4)
  A rime drake (Lair:4)
  8 ice devils (IceCv)
  2 queen bees
  6 meliai
  7 trolls
  5 tyrant leeches
  16 jumping spiders
  2 hydra zombies (Swamp:4)
  A wolf spider simulacrum (D:14)
  17 hornets
  9 slime creatures
  12 bog bodies
  2 polar bears (Lair:5)
  4 alligator zombies (Swamp:4)
  19 dream sheep
  14 hippogriffs
  22 blink frogs
  5 spectral swamp dragons (Swamp:4)
  66 redbacks
  10 spriggans
  A wraith (D:14)
  4 shadows
  57 yaks
  A spriggan (shapeshifter) (D:14)
  3 wyverns
  14 tarantellas
  7 basilisks
  4 fire bats (D:12)
  Eustachio (D:6)
  2 fire elementals (Orc:2)
  A hungry ghost (D:12)
  Edmund (D:5)
  4 wargs
  Menkaure (D:6)
  17 vampire mosquitoes
  23 swamp worms
  17 insubstantial wisps
  2 acid dragons
  8 porcupines
  12 water moccasins
  4 hell hounds
  7 swamp drakes
  A hornet zombie (D:13)
  3 slaves
  52 orc warriors
  2 sky beasts
  A black bear (D:10)
  5 swamp dragon zombies (Swamp:4)
  2 eyes of draining
  17 ogres
  8 ice beasts
  An eye of draining (shapeshifter) (D:14)
  7 phantoms
  5 wolves (Lair:2)
  22 crocodiles
  22 centaurs
  10 big kobolds
  5 gnoll sergeants
  26 bullfrogs
  A wyvern skeleton (D:14)
  5 scorpions
  5 wights (D:10)
  42 killer bees
  7 electric eels
  9 crimson imps
  3 centaur zombies
  10 hounds
  2 lava snakes (D:12)
  8 jellies
  A bullfrog skeleton (D:9)
  14 orc priests
  2 gnoll shamans
  5 iguanas
  24 orc wizards
  Natasha (thrice) (D:2)
  A spectral swamp drake (Swamp:4)
  11 worker ants
  2 hound skeletons
  2 worker ant zombies
  25 gnolls
  14 adders
  3 howler monkey skeletons
  3 shadow imps
  4 white imps (IceCv)
  8 ufetubi (IceCv)
  14 oozes (Lair:3)
  An adder zombie (D:2)
  2 adder skeletons (D:2)
  6 worms
  A dart slug (D:1)
  4 leopard geckos
  84 orcs
  5 bats
  A bat zombie (D:2)
  10 giant cockroaches
  20 goblins
  14 hobgoblins
  8 jackals
  15 kobolds
  6 quokkas
  2 ball pythons (D:1)
  4 frilled lizards
  A giant cockroach zombie (D:2)
  A quokka skeleton (D:2)
  2 quokka zombies (D:4)
  4 rats
  3 fire vortices (D:12)
1227 creatures vanquished.

Vanquished Creatures (collateral kills)
  An orc warlord (Orc:1)
  An orc knight (Orc:1)
  An orb spider (Spider:1)
  An ice devil (IceCv)
  2 jumping spiders (Spider:1)
  2 redbacks (Spider:1)
  2 orc priests (Orc:1)
  2 orcs (Orc:1)
12 creatures vanquished.

Vanquished Creatures (others)
  A centaur warrior (D:12)
  An unseen horror (D:15)
  A spriggan druid (Swamp:4)
  A wolf spider (Spider:1)
  A hornet (Swamp:4)
  A blink frog (Lair:6)
  2 redbacks (Spider:1)
  A spriggan (Swamp:4)
  An insubstantial wisp (Swamp:4)
  3 orc warriors (Orc:2)
  A swamp drake (Swamp:4)
  5 centaurs
  3 white imps (IceCv)
  2 ufetubi (IceCv)
  5 orcs
  A goblin (Bailey)
  A kobold (D:10)
  2 briar patches (Swamp:3)
  10 fungi
  17 plants
60 creatures vanquished.

Grand Total: 1299 creatures vanquished

Notes
Turn   | Place    | Note
-------+----------+-------------------------------------------
     0 | D:1      | Firecrotchwizard the Deep Dwarf Fighter began the quest for the Orb.
     0 | D:1      | Reached XP level 1. HP: 20/20 MP: 1/1
   442 | D:1      | Reached XP level 2. HP: 27/27 MP: 2/2
  1125 | D:2      | Reached XP level 3. HP: 33/33 MP: 3/3
  1131 | D:2      | Reached skill level 3 in Fighting
  1149 | D:2      | Reached skill level 3 in Long Blades
  1238 | D:2      | Reached XP level 4. HP: 40/42 MP: 4/4
  1368 | D:2      | Reached skill level 4 in Shields
  1430 | D:2      | Noticed Natasha
  1435 | D:2      | Killed Natasha
  1435 | D:2      | Reached skill level 4 in Armour
  1435 | D:2      | Reached XP level 5. HP: 44/49 MP: 5/5
  1524 | D:2      | Noticed Natasha
  1537 | D:2      | Killed Natasha
  1561 | D:2      | Noticed Natasha
  1568 | D:2      | Killed Natasha
  1584 | D:2      | Found an opulent altar of Gozag.
  1810 | D:3      | Reached skill level 4 in Long Blades
  1907 | D:3      | Found a faded altar of an unknown god.
  2292 | D:3      | Reached XP level 6. HP: 43/56 MP: 6/6
  2595 | D:3      | Found an ancient bone altar of Kikubaaqudgha.
  2595 | D:3      | Found a hide-covered altar of Uskayaw.
  2601 | D:3      | Found a bloodstained altar of Trog.
  2603 | D:3      | Found an ornate altar of the Wu Jian Council.
  2604 | D:3      | Found a faded altar of an unknown god.
  3153 | D:4      | Reached skill level 4 in Fighting
  3153 | D:4      | Reached skill level 5 in Long Blades
  3153 | D:4      | Reached XP level 7. HP: 20/64 MP: 6/6
  3171 | D:4      | Reached skill level 5 in Shields
  3212 | D:4      | Reached skill level 5 in Armour
  3278 | D:4      | Found a glowing golden altar of the Shining One.
  3310 | D:4      | Noticed Pikel
  3966 | D:5      | Entered Level 5 of the Dungeon
  4013 | D:5      | Found an iron altar of Okawaru.
  4268 | D:5      | Noticed Edmund
  4295 | D:4      | Upgraded the game from 0.21-b1-23-g1fb0a74 to 0.21.0
  4456 | D:4      | Killed Pikel
  4456 | D:4      | Reached skill level 6 in Long Blades
  4456 | D:4      | Reached XP level 8. HP: 33/73 MP: 6/6
  4657 | D:5      | Reached skill level 6 in Shields
  4830 | D:5      | Killed Edmund
  4830 | D:5      | Reached skill level 5 in Fighting
  4830 | D:5      | Reached skill level 6 in Armour
  4967 | D:5      | Reached skill level 7 in Long Blades
  5246 | D:5      | Found Kuithrad's Weapon Boutique.
  5333 | D:5      | Found a radiant altar of Vehumet.
  5398 | D:5      | Found a stormy altar of Qazlal.
  5762 | D:6      | Noticed Eustachio
  5770 | D:6      | Gained mutation: You passively map the area around you. [Deep Dwarf growth]
  5770 | D:6      | Reached XP level 9. HP: 73/81 MP: 6/6
  5823 | D:6      | Killed Eustachio
  5889 | D:6      | Reached skill level 8 in Long Blades
  5937 | D:6      | Found a white marble altar of Elyvilon.
  5947 | D:6      | Reached skill level 7 in Shields
  6000 | D:6      | Noticed Menkaure
  6004 | D:6      | Killed Menkaure
  6004 | D:6      | Reached skill level 7 in Armour
  6084 | D:6      | Found a staircase to the Ecumenical Temple.
  6093 | Temple   | Entered the Ecumenical Temple
  6157 | Temple   | Became a worshipper of Makhleb the Destroyer
  6468 | D:6      | Reached skill level 6 in Fighting
  6999 | D:7      | Found a sparkling altar of Nemelex Xobeh.
  7206 | D:7      | Reached skill level 9 in Long Blades
  7384 | D:7      | Reached * piety under Makhleb
  7538 | D:6      | HP: 21/84 [phantom (1)]
  7548 | D:6      | HP: 19/84 [phantom (2)]
  7742 | D:7      | Identified a scroll of acquirement
  7836 | D:7      | Reached XP level 10. HP: 83/92 MP: 5/5
  7890 | D:7      | Got a jewelled quarterstaff
  8319 | D:8      | Found a snail-covered altar of Cheibriados.
  8415 | D:8      | Reached skill level 8 in Armour
  8415 | D:8      | Reached skill level 8 in Shields
  8690 | D:9      | Noticed a cyclops
  8716 | D:9      | Killed a cyclops
  8716 | D:9      | Reached skill level 10 in Long Blades
  8766 | D:9      | Paralysed by a hornet for 1 turns
  8770 | D:9      | Reached skill level 7 in Fighting
  9167 | D:9      | Found a hazy altar of Hepliaklqana.
  9220 | D:9      | Reached ** piety under Makhleb
  9297 | D:10     | Entered Level 10 of the Dungeon
  9350 | D:10     | Found a hide-covered altar of Uskayaw.
  9627 | D:10     | Reached skill level 1 in Evocations
  9848 | D:10     | Reached skill level 2 in Evocations
  9886 | D:10     | Reached skill level 9 in Shields
  9974 | D:10     | Found a staircase to the Orcish Mines.
 10000 | D:11     | Reached XP level 11. HP: 100/100 MP: 7/7
 10006 | D:11     | Reached skill level 9 in Armour
 10029 | D:11     | Reached skill level 3 in Evocations
 10164 | D:11     | Reached skill level 11 in Long Blades
 10211 | D:11     | Reached *** piety under Makhleb
 10242 | D:11     | Noticed a two-headed ogre
 10252 | D:11     | Killed a two-headed ogre
 10278 | D:11     | Found a staircase to the Lair.
 10295 | D:11     | Reached skill level 4 in Evocations
 10737 | D:11     | Reached skill level 8 in Fighting
 10785 | D:11     | Noticed a three-headed hydra
 10790 | D:11     | Killed a one-headed hydra
 10790 | D:11     | Reached skill level 5 in Evocations
 10883 | Lair:1   | Entered Level 1 of the Lair of Beasts
 11012 | Lair:1   | Reached **** piety under Makhleb
 11072 | Lair:1   | Reached skill level 12 in Long Blades
 11444 | Lair:1   | Reached skill level 10 in Armour
 11444 | Lair:1   | Reached skill level 10 in Shields
 11444 | Lair:1   | Reached XP level 12. HP: 112/112 MP: 11/11
 11769 | Lair:2   | Learned a level 1 spell: Summon Butterflies
 11789 | Lair:2   | Reached skill level 6 in Evocations
 11860 | Lair:2   | Noticed a five-headed hydra
 11879 | Lair:2   | Killed a one-headed hydra
 12073 | Lair:2   | Reached skill level 7 in Evocations
 12168 | Lair:2   | Noticed a six-headed hydra
 12174 | Lair:2   | Reached skill level 9 in Fighting
 12191 | Lair:2   | Killed a one-headed hydra
 12198 | Lair:2   | Reached ***** piety under Makhleb
 12540 | Lair:2   | Reached skill level 13 in Long Blades
 13225 | Lair:3   | Reached skill level 8 in Evocations
 13250 | Lair:3   | Found a hole to the Spider Nest.
 13679 | Lair:3   | Reached skill level 11 in Shields
 13679 | Lair:3   | Reached XP level 13. HP: 104/121 MP: 14/14
 13838 | Lair:3   | Found a staircase to the Swamp.
 13844 | Lair:3   | Reached skill level 11 in Armour
 14253 | Lair:4   | Reached skill level 1 in Invocations
 14457 | Lair:4   | Reached skill level 2 in Invocations
 14513 | Lair:4   | Reached ****** piety under Makhleb
 14567 | Lair:4   | Got a crystal whip
 14732 | Lair:4   | Reached skill level 3 in Invocations
 14919 | Lair:4   | Reached skill level 14 in Long Blades
 15000 | Lair:4   | Got a crude rapier {vamp}
 15060 | Lair:4   | Reached skill level 4 in Invocations
 15435 | Lair:5   | Found a viscous altar of Jiyva.
 15670 | Lair:5   | Found a staircase to the Slime Pits.
 15707 | Lair:5   | Got a dazzling great sword
 15737 | Lair:5   | Identified the cursed +2 great sword of the Manifold Wishes {drain, rF+ rC+} (You found it on level 5 of the Lair of Beasts)
 16233 | Lair:6   | Entered Level 6 of the Lair of Beasts
 16313 | Lair:5   | Reached skill level 10 in Fighting
 16358 | Lair:5   | Reached skill level 5 in Invocations
 16514 | Lair:5   | Gained mutation: You resist negative energy. (rN+) [Deep Dwarf growth]
 16514 | Lair:5   | Reached XP level 14. HP: 129/132 MP: 15/15
 16668 | Lair:6   | Reached skill level 12 in Armour
 16668 | Lair:6   | Reached skill level 12 in Shields
 17066 | Lair:6   | Reached skill level 6 in Invocations
 17193 | Lair:6   | Reached skill level 15 in Long Blades
 17563 | Lair:6   | Got a brightly glowing platinum ring
 17565 | Lair:6   | Identified the ring "Peom" {+Fly rPois Slay+2} (You found it on level 6 of the Lair of Beasts)
 17842 | D:10     | Reached skill level 7 in Invocations
 17889 | Orc:1    | Entered Level 1 of the Orcish Mines
 18094 | Orc:1    | Found a roughly hewn altar of Beogh.
 18529 | Orc:2    | Entered Level 2 of the Orcish Mines
 18533 | Orc:2    | Noticed an orc warlord
 18582 | Orc:2    | Noticed an orc warlord
 18601 | Orc:1    | Killed an orc warlord
 18661 | Orc:2    | Noticed an orc warlord
 18674 | Orc:2    | Killed an orc warlord
 18765 | Orc:2    | Found a bloodstained altar of Trog.
 18778 | Orc:2    | Noticed Maurice
 18823 | Orc:2    | Reached skill level 8 in Invocations
 18896 | Orc:2    | Killed an orc warlord
 18896 | Orc:2    | Reached skill level 11 in Fighting
 18896 | Orc:2    | Reached XP level 15. HP: 122/141 MP: 16/16
 18917 | Orc:2    | Killed Maurice
 18924 | Orc:2    | Found a staircase to the Elven Halls.
 19066 | Orc:2    | Found Puqustrapp's Magic Scroll Boutique.
 19066 | Orc:2    | Found Hetazxiri's Jewellery Shoppe.
 19068 | Orc:2    | Found Begaq's Weapon Emporium.
 19070 | Orc:2    | Found Neat's Antique Armour Shop.
 19082 | Orc:2    | Noticed Azrael
 19098 | Orc:2    | Killed Azrael
 19689 | D:12     | Noticed Sonja
 19708 | D:12     | Killed Sonja
 19937 | D:12     | Found a flagged portal.
 19943 | Bailey   | Entered a bailey
 19991 | Bailey   | Found an iron altar of Okawaru.
 20608 | D:12     | Found Huohud's Magic Scroll Shop.
 20616 | D:12     | Bought a scroll of enchant weapon for 112 gold pieces
 20616 | D:12     | Bought a scroll of enchant weapon for 112 gold pieces
 20631 | D:12     | Noticed Nergalle
 20645 | D:12     | Killed Nergalle
 20655 | D:12     | Reached skill level 13 in Armour
 20655 | D:12     | Reached skill level 13 in Shields
 20661 | D:12     | Reached skill level 16 in Long Blades
 21341 | D:13     | Found an opulent altar of Gozag.
 21530 | D:13     | Reached skill level 9 in Invocations
 21770 | D:14     | Found a shadowy altar of Dithmenos.
 21875 | D:14     | Found a gate to the Vaults.
 22040 | D:14     | Found Wualalui's Food Emporium.
 22238 | D:15     | Entered Level 15 of the Dungeon
 22257 | D:15     | Found a staircase to the Depths.
 22257 | D:15     | Noticed a fire giant
 22527 | D:15     | Found a blossoming altar of Fedhas.
 22535 | D:15     | Reached skill level 10 in Invocations
 23404 | Swamp:1  | Entered Level 1 of the Swamp
 23454 | Swamp:1  | Noticed a thorn hunter
 23470 | Swamp:1  | Killed a thorn hunter
 23760 | Swamp:1  | Reached skill level 11 in Invocations
 24156 | Swamp:2  | Reached XP level 16. HP: 152/152 MP: 19/19
 24577 | Swamp:2  | Found a runed door.
 24887 | Swamp:3  | Reached skill level 12 in Fighting
 24887 | Swamp:3  | Reached skill level 12 in Invocations
 24955 | Swamp:3  | Noticed a tentacled monstrosity
 24969 | Swamp:3  | Killed a tentacled monstrosity
 25075 | Swamp:3  | Reached skill level 14 in Shields
 25085 | Swamp:3  | Reached skill level 14 in Armour
 25184 | Swamp:3  | Noticed a thorn hunter
 25196 | Swamp:3  | Killed a thorn hunter
 25536 | Swamp:3  | Reached skill level 13 in Invocations
 25666 | Swamp:4  | Entered Level 4 of the Swamp
 25691 | Swamp:4  | Noticed a thorn hunter
 25709 | Swamp:4  | Killed a thorn hunter
 26424 | Swamp:4  | Noticed a bone dragon
 26450 | Swamp:4  | Killed a bone dragon
 26516 | Swamp:4  | Got a decaying rune of Zot
 26810 | Spider:1 | Entered Level 1 of the Spider Nest
 26976 | Spider:1 | Reached skill level 14 in Invocations
 26976 | Spider:1 | Reached XP level 17. HP: 162/162 MP: 22/22
 27943 | Spider:2 | Reached skill level 15 in Armour
 27955 | Spider:2 | Reached skill level 13 in Fighting
 27955 | Spider:2 | Reached skill level 15 in Shields
 29361 | Spider:4 | Entered Level 4 of the Spider Nest
 29420 | Spider:4 | Reached skill level 15 in Invocations
 29565 | Spider:4 | Found a frozen archway.
 29574 | IceCv    | Entered an ice cave
 29722 | IceCv    | Noticed an Ice Fiend
 29741 | IceCv    | HP: 39/164 [Ice Fiend (29)]
 29746 | IceCv    | HP: 37/164 [Ice Fiend (10)]
 29750 | IceCv    | Killed an Ice Fiend
 29758 | IceCv    | Noticed an Ice Fiend
 29758 | IceCv    | HP: 3/164 [Ice Fiend (40)]
 29763 | IceCv    | HP: 31/164 [??? (17)]
 29774 | IceCv    | HP: 37/164 [Ice Fiend (9)]
 29774 | IceCv    | Mangled by an Ice Fiend

Skill      XL: |  1  2  3  4  5  6  7  8  9 10 11 12 13 14 15 16 17 |
---------------+----------------------------------------------------+-----
Fighting       | 3 4 5 6 7 8 9 10 11 12 13 | 13.6
Long Blades    | 3 4 5 6 7 9 10 12 13 14 15 16 | 16.1
Shields        | 4 5 6 7 9 10 11 12 13 14 15 | 15.0
Armour         | 4 5 6 7 8 10 11 12 13 14 15 | 15.7
Evocations     | 2 5 8 |  8.4
Invocations    | 5 8 11 14 15 | 15.5

Action                   |  1- 3 |  4- 6 |  7- 9 | 10-12 | 13-15 | 16-18 || total
-------------------------+-------+-------+-------+-------+-------+-------++-------
Melee: Long sword        |    83 |   225 |   722 |       |       |       ||  1030
       Whip              |       |       |     4 |       |       |       ||     4
       Double sword      |       |       |    13 |   793 |  1703 |  1182 ||  3691
       Falchion          |       |       |       |    31 |    10 |       ||    41
Invok: Lesser Servant of |       |       |       |       |     3 |       ||     3
       Minor Destruction |       |       |       |       |     4 |       ||     4
       Greater Servant o |       |       |       |       |       |     4 ||     4
       Major Destruction |       |       |       |       |       |     1 ||     1
 Abil: Heal Wounds       |       |     6 |    18 |     1 |     6 |     7 ||    38
Evoke: Wand              |       |       |     5 |       |    15 |     3 ||    23
  Use: Scroll            |       |     3 |    18 |    14 |    16 |     3 ||    54
       Potion            |       |       |       |       |     1 |     5 ||     6
 Stab: Petrified         |       |       |       |       |     4 |       ||     4
       Sleeping          |       |       |       |       |     1 |       ||     1
  Eat: Chunk             |     1 |     7 |    31 |     8 |    26 |     7 ||    80
       Ration            |       |       |       |     1 |     4 |     3 ||     8
Armor: Scale mail        |    30 |    64 |    71 |       |       |       ||   165
       Plate armour      |       |    15 |   335 |   277 |   562 |   654 ||  1843
Dodge: Dodged            |    29 |    91 |   180 |   119 |   413 |   482 ||  1314
       Deflected         |       |       |     8 |     4 |       |       ||    12
Block: Shield            |    44 |   112 |   424 |   632 |  1398 |  1198 ||  3808
       Reflection        |       |       |       |    18 |    81 |     4 ||   103
       Rpst.: Long sword |     8 |    34 |    45 |       |       |       ||    87
       Double sword      |       |       |     1 |    41 |   103 |    80 ||   225
       Falchion          |       |       |       |     1 |     1 |       ||     2

Vault maps used:
D:1:      enne_arrival_octagon_isle
D:2:      nicolae_gozag_cash_rules_everything_around_me, serial_undead,
          serial_undead_d, serial_undead_b, serial_undead_c, serial_undead_c,
          uniq_natasha
D:3:      chequers_temple_overflow_minitemple, first_ration,
          chequers_ecumenical_altar_island
D:4:      nicolae_overflow_crystal_walls, enter_ossuary_4, uniq_pikel
D:5:      overflow_temple_1_default, kennysheep_mini, serial_gnoll_camp,
          gnoll_camp_mini_hut, gnoll_camp_mini_loothouse, gnoll_camp_huts_basic,
          gnoll_camp_mini_shop, okawaru_metal_pillars_1_2, uniq_edmund
D:6:      elyvilon_altar_5, minmay_temple_entry_large_hall,
          hangedman_decor_opposing, uniq_eustachio, uniq_menkaure
D:7:      kb_forest_paths, nemelex_altar_shiori
D:8:      overflow_temple_1_default
D:9:      nicolae_overflow_hidden_temple
D:10:     kennysheep_orc_monster_closet_entryway, basic_altar
D:11:     lair_entry_dummy, hangedman_ranch
D:12:     enter_bailey_3, serial_glass, glass_columns_b, glass_columns_b,
          serial_shops, shop_fountains, hangedman_incinerator, uniq_sonja,
          uniq_nergalle
D:13:     basic_altar, minmay_fountain_box
D:14:     david_vaults_2, serial_park_square3, serial_shops, shop,
          grunt_dithmenos_smoke
D:15:     grunt_enter_depths_giant_problem, fedhas_altar_3
Temple:   compressed_dpeg_circular_temple
Lair:1:   columned_hall_lemuel
Lair:2:   grunt_forest_large_clearing_hut
Lair:3:   lemuel_slime, nicolae_swamp_entry_splash_gauntlet,
          spider_nest_entry_web_field, minivault_26, serial_bayou_shore_b,
          serial_bayou_shore_a
Lair:4:   regret_index_wax_grids, grunt_megastairs_4
Lair:5:   slime_altar_1, lemuel_fruit_fields
Lair:6:   evilmike_catoblepas_cave, grunt_megastairs_3, serial_bayou_shore_b
Swamp:1:  evilmike_swamp_ruin_house_2
Swamp:2:  gammafunk_mikee_crab_dinner, evilmike_swamp_ruin_house_4, swamp_pool3
Swamp:3:  nicolae_swamp_rocky_clearing, swamp_pool1
Swamp:4:  swamp_pestilence, infiniplex_staircase_pool
Spider:2: spider_trap, hive_lemuel
Spider:3: spiders_nest_hornet_nest
Spider:4: grunt_spider_rune_island, portal_ice_cave_entry_pillars_1
Orc:1:    basic_altar
Orc:2:    st_orc_rangers, lemuel_statue_altar, uniq_maurice, uniq_azrael
Bailey:   bailey_axe_of_yendor_kennysheep, bailey
IceCv:    ice_cave_small_demon

Table legend:
 A = Turns spent in this place as a percentage of turns spent in the entire game.
 B = Non-inter-level travel turns spent in this place as a percentage of non-inter-level travel turns spent in the entire game.
 C = Inter-level travel turns spent in this place as a percentage of turns spent in this place.
 D = Turns resting spent in this place as a percentage of non-inter-level travel turns spent in this place.
 E = Turns spent auto-exploring this place as a percentage of non-inter-level travel turns spent in this place.
 F = Non-inter-level travel turns spent in this place divided by the number of levels of this place that you've seen.
                   A       B       C       D       E      F
               +-------+-------+-------+-------+-------+----------------------
         Total | 100.0 | 100.0 |   5.3 |   6.0 |  63.9 | 829.2
       Dungeon |  47.7 |  48.4 |   4.0 |   6.9 |  66.1 | 909.2
        Temple |   0.3 |   0.2 |  20.7 |   0.0 |  90.8 |  65.0
          Lair |  24.4 |  23.6 |   8.1 |   8.4 |  64.3 | 1110.5
         Swamp |  11.2 |  11.3 |   4.5 |   0.6 |  65.3 | 799.2
   Spider Nest |   8.6 |   8.8 |   2.4 |   6.5 |  59.7 | 622.5
  Orcish Mines |   5.2 |   4.8 |  12.6 |   0.7 |  52.6 | 683.0
        Bailey |   1.9 |   2.0 |   0.0 |   0.3 |  50.0 | 574.0
      Ice Cave |   0.7 |   0.7 |   0.0 |   0.0 |  38.5 | 200.0
               +-------+-------+-------+-------+-------+----------------------

Table legend:
 A = Kills in this place as a percentage of kills in entire the game.
 B = Kills by you in this place as a percentage of kills by you in the entire game.
 C = Kills by friends in this place as a percentage of kills by friends in the entire game.
 D = Other kills in this place as a percentage of other kills in the entire game.
 E = Experience gained in this place as a percentage of experience gained in the entire game.
 F = Experience gained in this place divided by the number of levels of this place that you have seen.
                   A       B       C       D       E      F
               +-------+-------+-------+-------+-------+----------------------
         Total | 100.0 | 100.0 | 100.0 | 100.0 | 100.0 | 7914.7
       Dungeon |  34.1 |  34.3 |   0.0 |  41.2 |  18.2 | 3260.1
          Lair |  22.1 |  22.6 |   0.0 |   0.0 |  25.8 | 11560.3
         Swamp |  13.7 |  14.0 |   0.0 |   0.0 |  25.2 | 16981.2
   Spider Nest |  12.7 |  12.4 |  41.7 |  11.8 |  19.6 | 13156.2
  Orcish Mines |  12.1 |  11.2 |  50.0 |  47.1 |   7.9 | 10681.5
        Bailey |   3.4 |   3.5 |   0.0 |   0.0 |   0.9 | 2307.0
      Ice Cave |   1.9 |   1.9 |   8.3 |   0.0 |   2.5 | 6616.0
               +-------+-------+-------+-------+-------+----------------------
